Map: New Gettysburg LE

Players

NORTHAMERICA

  • Race: Protoss Protoss
  • League: Grandmaster

llllllllllll - Winner!

  • Race: Protoss Protoss
  • League: Master

VOD

Have the link to the VOD?

Description

Time

  • Played on: Oct. 28, 2016, 11:37 p.m.
  • Length: 8:18
Show
View Real Time Build Order
Export as new Build Order

NORTHAMERICA Protoss 

Build Orders:  

Get SALT Encoding   

  12  0:01  Probe (Chrono Boost)  
  13  0:12  Probe (Chrono Boost)  
  14  0:19  Pylon  
  14  0:23  Probe (Chrono Boost)  
  15  0:38  Probe (Chrono Boost), Gateway  
  16  0:48  Probe (Chrono Boost)  
  16  0:49  Assimilator  
  17  0:55  Assimilator  
  17  0:59  Probe (Chrono Boost)  
  18  1:09  Probe (Chrono Boost), Gateway  
  19  1:20  Probe (Chrono Boost)  
  20  1:27  Cybernetics Core  
  20  1:30  Probe (Chrono Boost)  
  21  1:39  Pylon  
  21  1:41  Probe (Chrono Boost)  
  22  1:50  Warp Gate  
  22  1:51  Probe (Chrono Boost)  
  23  2:03  Adept  
  23  2:04  Adept  
  27  2:13  Mothership Core (Chrono Boost)  
  29  2:18  Pylon  
  29  2:33  Probe (Chrono Boost)  
  29  2:36  Stalker  
  32  2:37  Stalker  
  34  2:48  Probe (Chrono Boost)  
  35  3:04  Probe (Chrono Boost)  
  34  3:14  Nexus, Unknown  
  34  3:16  Pylon  
  34  3:19  Probe (Chrono Boost)  
  35  3:21  Sentry  
  35  3:24  Sentry  
  39  3:36  Robotics Facility  
  39  3:49  Gateway  
  39  3:56  Probe (Chrono Boost)  
  39  4:02  Twilight Council  
  38  4:07  Probe (Chrono Boost), Pylon  
  39  4:15  Adept  
  41  4:17  Probe (Chrono Boost)  
  41  4:20  Adept  
  44  4:26  Unknown  
  44  4:32  Probe (Chrono Boost)  
  44  4:35  Gateway  
  45  4:40  Gateway  
  45  4:43  Probe (Chrono Boost)  
  46  4:50  Pylon  
  46  4:59  Resonating Glaives  
  42  5:08  Adept x3  
  48  5:25  Probe x2 (Chrono Boost)  
  51  5:36  Probe (Chrono Boost)  
  51  5:37  Probe (Chrono Boost)  
  51  5:38  Observer, Robotics Bay  
  53  5:47  Probe (Chrono Boost)  
  53  5:49  Adept, Probe (Chrono Boost)  
  57  5:56  Pylon  
  55  6:07  Probe x2 (Chrono Boost)  
  56  6:12  Immortal  
  61  6:18  Adept  
  61  6:19  Adept, Probe (Chrono Boost)  
  61  6:22  Probe (Chrono Boost)  
  63  6:31  Probe (Chrono Boost)  
  64  6:33  Probe (Chrono Boost)  
  65  6:43  Probe x2 (Chrono Boost)  
  67  6:51  Disruptor  
  67  6:53  Assimilator  
  67  6:54  Probe (Chrono Boost)  
  72  6:55  Assimilator  
  72  6:56  Probe (Chrono Boost)  
  72  7:00  Adept x3  
  72  7:03  Adept x2  
  72  7:08  Probe (Chrono Boost)  
  77  7:11  Pylon  
  77  7:14  Pylon  
  77  7:24  Disruptor  
  80  7:31  Pylon  
  80  7:33  Adept  
  80  7:34  Adept x4  
  87  7:55  Adept x3  
  64  8:09  Adept  
  64  8:10  Adept  
  46  8:16  Adept x3  
Show
View Real Time Build Order
Export as new Build Order

llllllllllll Protoss - Winner!

Build Orders:  

Get SALT Encoding   

  12  0:01  Probe (Chrono Boost)  
  13  0:11  Probe (Chrono Boost)  
  14  0:19  Pylon  
  14  0:22  Probe (Chrono Boost)  
  15  0:37  Probe (Chrono Boost)  
  15  0:38  Gateway  
  16  0:48  Probe (Chrono Boost)  
  16  0:49  Assimilator  
  17  0:53  Assimilator  
  17  0:58  Probe (Chrono Boost)  
  18  1:06  Gateway  
  18  1:10  Probe (Chrono Boost)  
  19  1:20  Probe (Chrono Boost)  
  20  1:26  Cybernetics Core  
  20  1:31  Probe (Chrono Boost)  
  21  1:33  Pylon  
  21  1:41  Probe (Chrono Boost)  
  22  1:48  Warp Gate  
  22  1:52  Probe (Chrono Boost)  
  23  2:03  Adept x2  
  29  2:08  Mothership Core (Chrono Boost)  
  29  2:11  Pylon  
  29  2:24  Twilight Council  
  30  2:30  Probe (Chrono Boost)  
  30  2:33  Adept  
  30  2:35  Adept  
  34  2:42  Probe (Chrono Boost)  
  35  2:52  Pylon  
  35  2:54  Probe (Chrono Boost)  
  35  2:57  Resonating Glaives  
  37  3:07  Probe (Chrono Boost)  
  37  3:22  Probe (Chrono Boost)  
  38  3:28  Nexus, Unknown  
  38  3:36  Probe (Chrono Boost)  
  39  3:48  Probe (Chrono Boost)  
  40  3:56  Pylon  
  40  3:58  Adept x2  
  44  4:04  Probe (Chrono Boost)  
  44  4:05  Pylon  
  44  4:16  Probe (Chrono Boost)  
  45  4:21  Adept x2  
  49  4:29  Robotics Facility  
  49  4:33  Probe (Chrono Boost)  
  50  4:40  Unknown  
  50  4:44  Probe (Chrono Boost), Gateway  
  51  4:47  Probe (Chrono Boost)  
  52  4:55  Probe (Chrono Boost)  
  51  5:02  Probe (Chrono Boost)  
  51  5:05  Probe (Chrono Boost)  
  51  5:07  Sentry x2  
  51  5:10  Pylon  
  56  5:16  Immortal  
  56  5:20  Probe (Chrono Boost)  
  61  5:27  Gateway  
  60  5:29  Gateway  
  60  5:36  Gateway  
  60  5:38  Gateway  
  60  5:44  Sentry x2  
  60  5:45  Adept  
  66  5:55  Pylon  
  66  5:57  Pylon  
  66  6:04  Immortal  
  66  6:10  Adept x3  
  68  6:31  Adept x2  
  68  6:32  Adept  
  74  6:36  Adept x4  
  74  6:38  Warp Prism  
  82  6:41  Pylon  
  84  6:50  Adept  
  84  6:57  Adept  
  84  6:58  Adept x4  
  84  7:01  Adept  
  96  7:06  Pylon  
  96  7:08  Pylon  
  96  7:36  Adept  
  96  7:37  Adept x6  
  98  7:59  Adept  
  98  8:00  Adept x6  
Tags
 
Add a new tag
Caveats
  • Supply blocks, unpowered buildings, or Contaminate may cause inaccurate times.
  • Supply counts are checked every 10 seconds.